Map: Acropolis LE

Players

hellorush - Winner!

  • Race: Zerg Zerg
  • League: Gold
  • Spawn Location: 11:00

A.I. 1 (Medium)

  • Race: Protoss Protoss
  • Spawn Location: 5:00

VOD

Have the link to the VOD?

Description

Baneling rush

Time

  • Played on: May 18, 2019, 3:06 a.m.
  • Length: 6:47
Show
View Real Time Build Order
Export as new Build Order

hellorush Zerg - Winner!

Build Orders: Hatch First 

Get SALT Encoding   

  12  0:01  Drone  
  13  0:13  Overlord  
  13  0:16  Drone  
  14  0:31  Drone x2  
  14  0:34  Drone  
  17  0:53  Hatchery  
  17  0:56  Drone  
  17  0:59  Extractor  
  17  1:01  Drone  
  17  1:16  Spawning Pool  
  16  1:21  Drone  
  16  1:23  Drone  
  18  1:29  Drone  
  19  1:39  Overlord  
  19  1:49  Drone  
  20  2:02  Metabolic Boost  
  20  2:03  Queen  
  20  2:06  Queen  
  24  2:09  Zergling x2  
  24  2:13  Zergling x2  
  26  2:16  Drone  
  26  2:18  Drone  
  28  2:24  Zergling x2  
  29  2:32  Zergling x2  
  30  2:43  Baneling Nest  
  29  2:48  Zergling x2  
  29  2:49  Zergling x6  
  33  3:05  Overlord x3  
  33  3:18  Zergling x6  
  35  3:31  Baneling x3  
  35  3:32  Baneling x2  
  35  3:33  Baneling  
  35  3:38  Zergling x12  
  38  4:07  Zergling x2  
  38  4:08  Zergling x6  
  41  4:14  Zergling x4  
  41  4:35  Zergling x8  
  43  5:00  Zergling x8  
  44  5:32  Zergling x12  
  50  6:00  Zergling x2  
  50  6:01  Zergling x6  
  54  6:07  Zergling x4  
Show
View Real Time Build Order
Export as new Build Order

A.I. 1 (Medium) Protoss 

Build Orders: 1 Gate Expand 

Get SALT Encoding   

  12  0:00  Probe  
  13  0:13  Probe  
  14  0:20  Pylon  
  14  0:25  Probe  
  15  0:34  Probe  
  15  0:42  Probe  
  17  0:51  Gateway  
  17  1:07  Probe  
  17  1:09  Nexus  
  18  1:27  Pylon  
  18  1:30  Assimilator  
  18  1:39  Zealot  
  20  1:41  Probe  
  20  1:42  Cybernetics Core  
  21  1:54  Probe  
  22  2:04  Probe  
  22  2:05  Gateway  
  23  2:11  Assimilator  
  23  2:17  Probe  
  23  2:20  Pylon  
  23  2:21  Stalker  
  26  2:25  Probe  
  27  2:34  Warp Gate  
  27  2:35  Probe  
  28  2:51  Zealot  
  30  2:58  Stalker  
  30  3:01  Assimilator  
  32  3:15  Assimilator  
  32  3:19  Probe  
  32  3:23  Stalker  
  35  3:28  Probe x2  
  37  3:39  Probe  
  37  3:40  Probe  
  39  3:42  Stalker  
  41  3:51  Probe  
  42  3:57  Pylon  
  42  3:59  Probe  
  42  4:01  Sentry  
  42  4:02  Stalker  
  27  4:21  Probe  
  24  4:24  Probe  
  22  4:33  Probe  
  22  4:34  Adept  
  24  4:41  Stalker  
  24  4:44  Probe  
  21  4:50  Probe  
  11  5:00  Zealot  
  4  5:09  Probe  
Tags
 
Add a new tag
Caveats
  • Supply blocks, unpowered buildings, or Contaminate may cause inaccurate times.
  • Supply counts are checked every 10 seconds.